 Dungeon Crawl Stone Soup version 0.18-a0-998-gcb3fcb1 (webtiles) character file.

618 M4edhros the Covert (level 7, -12/43 HPs)
             Began as an Octopode Artificer on Jan 5, 2016.
             Was a Believer of Ru.
             Mangled by a hill giant
             ... wielding a cursed +0 giant spiked club
              (28 damage)
             ... on level 7 of the Dungeon.
             The game lasted 00:13:40 (6425 turns).

M4edhros the Covert (Octopode Artificer)            Turns: 6425, Time: 00:13:40

Health: -12/43     AC:  3    Str: 20    XL:     7   Next: 45%
Magic:  11/11      EV: 15    Int: 19    God:    Ru [**....]
Gold:   320        SH:  0    Dex: 12    Spells: 0 memorised, 6 levels left

rFire  + . .     SeeInvis +     B - +4 quarterstaff of Defiance {flame, *Rage Str+5}
rCold  . . .     Gourm    .     (shield currently unavailable)
rNeg   . . .     Faith    .     (helmet restricted)
rPois  .         Spirit   .     z - amulet of rage
rElec  .         Dismiss  .     m - ring of flight
rCorr  .         Reflect  .     t - +3 ring of strength
SustAt .         Harm     .     (no ring)
MR     .....     Rnd*Rage +     (no ring)
Stlth  +++++.....               (no ring)
                                (no ring)
                                (no ring)
                                (no ring)

@: very slightly contaminated, hasted, very quick, not resistant to hostile
enchantments, quite stealthy
A: almost no armour, amphibious, 8 rings, constrict 8, slimy green scales 1,
camouflage 1, see invisible, clever 1, fire resistance 1, mutation resistance 1,
sense surroundings 1, strong 1, wild magic 1, gelatinous body 1, disrupted magic
1, inexperienced 1
a: Renounce Religion, Evoke Berserk Rage, Evoke Flight


You were on level 7 of the Dungeon.
You worshipped Ru.
Ru was pleased with you.
You were not hungry.

You visited 2 branches of the dungeon, and saw 8 of its levels.

You collected 320 gold pieces.

Inventory:

Hand Weapons
 a - a +0 short sword
 w - a +0 hunting sling
 B - the +4 quarterstaff of Defiance (weapon) {flame, *Rage Str+5}
   (You found it on level 5 of the Dungeon)

   It has been specially enchanted to burn those struck by it, causing extra
   injury to most foes and up to half again as much damage against particularly
   susceptible opponents.
   It affects your strength (+5).
   It may make you go berserk in combat.
 D - a +1 dagger of chaos
Missiles
 h - 192 stones (quivered)
 x - 38 sling bullets
 y - 14 poisoned needles
Magical Staves
 A - an uncursed staff of air
Jewellery
 m - a ring of flight (left tentacle)
 t - a +3 ring of strength (right tentacle)
 z - an amulet of rage (around mantle)
Wands
 b - a wand of flame (3/48)
 c - a wand of enslavement (11/24)
 d - a wand of random effects (3/48)
 F - a wand of paralysis (11/24)
Scrolls
 e - 2 scrolls of noise {unknown}
 g - a scroll of fear
 i - 4 scrolls of enchant armour
 n - 3 scrolls of remove curse
 q - a scroll of teleportation
 r - 2 scrolls of immolation
 u - 2 scrolls of random uselessness {unknown}
 v - 2 scrolls of recharging
 C - 3 scrolls of magic mapping
Potions
 k - a potion of brilliance
 o - a potion of haste
 s - 2 potions of curing
Comestibles
 f - a bread ration
 j - 6 fruits
 l - 4 meat rations
 p - 3 beef jerkies


   Skills:
 - Level 1.0 Fighting
 - Level 1.0 Short Blades
 * Level 5.0 Slings
 * Level 6.5 Dodging
 * Level 8.7 Stealth
 + Level 5.9 Evocations


You had 6 spell levels left.
You didn't know any spells.

Dungeon Overview and Level Annotations

Branches:
Dungeon (7/15)             Temple (1/1) D:4

Altars:
Ashenzari
Cheibriados
Elyvilon
Gozag
Kikubaaqudgha
Makhleb
Okawaru
Pakellas
Qazlal
Ru
Vehumet
Xom
Yredelemnul
The Shining One

Annotations:
D:3 Duffy's ghost, amateur NaFi; Jessica


Innate Abilities, Weirdness & Mutations

You cannot wear most types of armour.
You are amphibious.
You can wear up to eight rings at the same time.
You can use your tentacles to constrict eight enemies at once.
Your skin changes colour to match your surroundings (Stealth).
Your rubbery body absorbs attacks (AC +1).
Your casting is slightly disrupted.
You are somewhat inexperienced (-2 XL).
You are partially covered in slimy green scales (AC +2).
You have supernaturally acute eyesight.
Your mind is acute. (Int +2)
Your flesh is heat resistant.
You are somewhat resistant to further mutation.
You passively map a small area around you.
Your muscles are strong. (Str +2)
Your spells are a little harder to cast, but a little more powerful.


Message History

You feel yourself speed up.
You constrict the orc warrior.
The orc wizard gestures wildly while chanting.
The orc wizard blinks!
The orc warrior hits you with a war axe.
You are very lightly contaminated with residual magic.
You hit the orc warrior. You burn the orc warrior. You squeeze the orc warrior!
The orc warrior is almost dead.
You constrict the orc warrior.
You kill the orc warrior!
Your Slings skill increases to level 5!
You hit the hill giant. You burn the hill giant. You squeeze the hill giant.
The hill giant is lightly wounded.
The hill giant hits you with a giant spiked club!
You sock the hill giant! You burn the hill giant.
The hill giant is moderately wounded.
You hit the hill giant. You burn the hill giant.
The hill giant is heavily wounded.
The hill giant hits you with a giant spiked club!!
Ouch! That really hurt!
You die...

+.._..+...# #.....# *
#.........# #.....# , *
#.........#######.....###, #
.#.+###.....................
, .##.*
.#.............####.## * .
....#..........# .... , ,,
.........#####.# ..a.. ,
#.###########.#......
.......@Cso.o..._.. , *
##########Z.#o..... ,
##.#...... #.# .C... #.#
##.## * , #.. , ..., * **#..
.o , , * ...# , , ,


You could see a hill giant, a scorpion, an orc wizard, 2 orcs and a giant frog
zombie.

Vanquished Creatures
  Prince Ribbit (D:5)
  Menkaure (D:4)
  An orc warrior (D:7)
  A sky beast (D:5)
  An ogre (D:4)
  A phantom (D:4)
  2 giant frogs (D:6)
  2 scorpions
  6 crimson imps
  A hound (D:5)
  3 centaur skeletons
  3 orc wizards
  A giant frog skeleton (D:5)
  5 worker ants
  A hound zombie (D:5)
  A hound skeleton (D:4)
  3 gnolls (D:3)
  7 adders
  A shadow imp (D:7)
  An ooze (D:4)
  An adder skeleton (D:5)
  An adder zombie (D:5)
  A worm (D:2)
  5 giant geckos
  11 orcs
  3 bats
  5 giant cockroaches
  11 goblins
  11 hobgoblins
  7 kobolds
  2 quokkas
  6 ball pythons
  5 giant newts
  A goblin skeleton (D:7)
  2 goblin zombies (D:7)
  2 kobold zombies (D:7)
  2 orc skeletons (D:7)
  An orc zombie (D:7)
  A quokka skeleton (D:4)
  15 rats
136 creatures vanquished.

Vanquished Creatures (others)
  An orc wizard (D:4)
1 creature vanquished.

Grand Total: 137 creatures vanquished

Notes
Turn   | Place    | Note
--------------------------------------------------------------
     0 | D:1      | M4edhros the Octopode Artificer began the quest for the Orb.
     0 | D:1      | Reached XP level 1. HP: 13/13 MP: 3/3
   227 | D:1      | Reached XP level 2. HP: 16/18 MP: 4/4
   418 | D:2      | Reached XP level 3. HP: 23/23 MP: 5/5
   472 | D:2      | Found an oddly glowing altar of Pakellas.
   704 | D:3      | Noticed Jessica
   725 | D:3      | Reached XP level 4. HP: 28/28 MP: 6/6
   848 | D:3      | Noticed Duffy's ghost (amateur NaFi)
   873 | D:3      | Found a shattered altar of Ashenzari.
  1009 | D:4      | Found an oddly glowing altar of Pakellas.
  1057 | D:4      | Reached skill level 4 in Evocations
  1074 | D:4      | Noticed a phantom
  1185 | D:4      | Found a staircase to the Ecumenical Temple.
  1194 | Temple   | Entered the Ecumenical Temple
  1242 | Temple   | Became a worshipper of Ru the Awakened
  2014 | D:2      | Found a white marble altar of Elyvilon.
  2899 | D:3      | Reached XP level 5. HP: 25/33 MP: 8/8
  3393 | D:3      | Gained mutation: Your casting is slightly disrupted. [Ru sacrifice]
  3624 | D:4      | Reached skill level 1 in Slings
  3624 | D:4      | Reached XP level 6. HP: 26/38 MP: 9/9
  3846 | D:4      | Found an iron altar of Okawaru.
  3905 | D:4      | Noticed Menkaure
  3909 | D:4      | Killed Menkaure
  3909 | D:4      | Reached skill level 5 in Stealth
  4181 | D:4      | Reached XP level 7. HP: 32/43 MP: 10/10
  4271 | D:4      | Reached skill level 6 in Stealth
  4467 | D:5      | Entered Level 5 of the Dungeon
  4505 | D:5      | Reached skill level 5 in Dodging
  4589 | D:5      | Noticed Prince Ribbit
  4719 | D:5      | Gained mutation: Your flesh is heat resistant. [potion of mutation]
  4719 | D:5      | Gained mutation: Your body sometimes deteriorates upon taking damage. [potion of mutation]
  4719 | D:5      | Gained mutation: Your mind is acute. (Int +2) [potion of mutation]
  4720 | D:5      | Gained mutation: Your spells are a little harder to cast, but a little more powerful. [potion of mutation]
  4720 | D:5      | Gained mutation: You have supernaturally acute eyesight. [potion of mutation]
  4720 | D:5      | Gained mutation: Your natural rate of healing is unusually fast. [potion of mutation]
  4763 | D:5      | Reached skill level 5 in Evocations
  4797 | D:5      | Got a pitted quarterstaff
  4798 | D:5      | Identified the +4 quarterstaff of Defiance {flame, *Rage Str+5} (You found it on level 5 of the Dungeon)
  4868 | D:5      | Lost mutation: Your natural rate of healing is unusually fast. [mutagenic meat]
  4869 | D:5      | Gained mutation: You are somewhat resistant to further mutation. [mutagenic meat]
  5043 | D:5      | Reached XP level 8. HP: 48/48 MP: 11/11
  5267 | D:5      | Found a shimmering altar of Xom.
  5271 | D:5      | Reached skill level 7 in Stealth
  5524 | D:5      | Killed Prince Ribbit
  5748 | D:6      | Gained mutation: You are partially covered in slimy green scales (AC +2). [potion of mutation]
  5748 | D:6      | Gained mutation: You passively map a small area around you. [potion of mutation]
  5748 | D:6      | Lost mutation: Your body sometimes deteriorates upon taking damage. [potion of mutation]
  5839 | D:6      | Reached skill level 8 in Stealth
  6028 | D:6      | Gained mutation: You are somewhat inexperienced (-2 XL). [Ru sacrifice]
  6028 | D:6      | Reached XP level 7. HP: 43/43 MP: 11/11
  6028 | D:6      | Reached XP level 6. HP: 38/38 MP: 10/10
  6028 | D:6      | Reached * piety under Ru
  6028 | D:6      | Reached ** piety under Ru
  6040 | D:6      | Reached XP level 7. HP: 33/43 MP: 11/11
  6354 | D:7      | Found a glowing golden altar of the Shining One.
  6409 | D:7      | Found a burning altar of Makhleb.
  6410 | D:7      | Noticed a hill giant
  6420 | D:7      | Gained mutation: Your muscles are strong. (Str +2) [potion of beneficial mutation]
  6422 | D:7      | Reached skill level 5 in Slings
  6425 | D:7      | Mangled by a hill giant

Vault maps used:
D:1:      saegor_arrival_under_anarchy
D:2:      marbit_many_paths, small_statue_intersection, lemuel_statue_altar
D:3:      evilmike_ruin_ashenzari, kennysheep_jessica_study
D:4:      lemuel_doored_altar, okawaru_metal_pillars_1_2,
          minmay_temple_entry_statues_fountains, uniq_menkaure
D:5:      led_xom_imps, first_bread, uniq_prince_ribbit1
D:7:      nicolae_tso_besieged_by_evil, old_standard_altar,
          minmay_misc_feat_iff, grunt_decor_cap, minmay_misc_feat_nine_boxes,
          uniq_joseph
Temple:   nicolae_temple_great_sept

Action                   |  1- 3 |  4- 6 |  7- 9 || total
-------------------------+-------+-------+-------++-------
Melee: Short sword       |    38 |   114 |    30 ||   182
       Quarterstaff      |       |     2 |    83 ||    85
 Fire: Hunting sling     |       |       |    47 ||    47
Invok: Sacrifice Essence |       |     1 |       ||     1
       Sacrifice Experie |       |     1 |       ||     1
Evoke: Wand              |       |    17 |    11 ||    28
  Use: Potion            |       |       |    12 ||    12
       Scroll            |       |       |     8 ||     8
 Stab: Sleeping          |     9 |    17 |     9 ||    35
       Paralysed         |       |     2 |       ||     2
  Eat: Chunk             |       |     7 |    12 ||    19
       Beef jerky        |       |     1 |       ||     1
       Bread ration      |       |       |     1 ||     1
